 Dungeon Crawl Stone Soup version 0.30-a0-578-gdee14c521f (webtiles) character file.

Game seed: 988855097623463274

66974 cforsyth the Fighter (level 15, -4/139 HPs)
             Began as a Ghoul Monk on Jan 1, 2023.
             Was a High Priest of Okawaru.
             Slain by an orc warrior
             ... wielding a +0 trident
              (15 damage)
             ... on level 2 of the Orcish Mines.
             The game lasted 00:38:56 (24233 turns).

cforsyth the Fighter (Ghoul Monk)                  Turns: 24233, Time: 00:38:56

Health: -4/139     AC: 30    Str: 23    XL:     15   Next: 21%
Magic:  20/22      EV:  9    Int: 10    God:    Okawaru [*****.]
Gold:   1145       SH: 17    Dex: 11    Spells: 14/14 levels left

rFire   + . .      SeeInvis .      - Unarmed
rCold   + + .      Faith    .    G - +0 kite shield
rNeg    + + +      Spirit   .    O - +0 plate armour
rPois   ∞          Reflect  +    q - +2 helmet
rElec   .          Harm     .    p - +0 cloak of Activism {rN+ Will+}
rCorr   +          Rampage  .    (no gloves)
Will    ++...                    Y - +2 pair of boots of the Moon Troll {rN+ Slay+2} Stlth
                                 A - amulet of Holin {Reflect Int+5 SH+5}
HPRegen 0.00/turn                W - ring of Jityom {rF+ rC+ rN+ rCorr}
MPRegen 0.18/turn                m - +4 ring of protection

@: heroic, inhibited regen, hasted, studying Staves, very quick
A: claws 1, cold resistance 1, negative energy resistance 3, inhibited
regeneration, torment resistance 2, devour on kill
a: Renounce Religion, Heroism, Finesse, Duel


You were on level 2 of the Orcish Mines.
You worshipped Okawaru.
Okawaru was extremely pleased with you.
You visited 4 branches of the dungeon, and saw 20 of its levels.
You also visited: Ice Cave.

You collected 1769 gold pieces.
You spent 624 gold pieces at shops.

Inventory:

Missiles
 o - a throwing net (quivered)
Armour
 a - a +1 cloak of stealth
 p - the +0 cloak of Activism (worn) {rN+ Will+}
   (You found it on level 12 of the Dungeon)

   rN:        It protects you from negative energy.
   Will:      It increases your willpower.
 q - a +2 helmet (worn)
 G - a +0 kite shield (worn)
 N - the +0 pair of boots "Kenisit" {rPois rN+ MP+9 Slay+2}
   (You bought it in a shop on level 3 of the Dungeon)

   Slay:      It affects your accuracy & damage with ranged weapons and melee
   (+2).
   rPois:     It protects you from poison.
   rN:        It protects you from negative energy.
   MP:        It affects your magic capacity (+9).
 O - a +0 plate armour (worn)
 Y - the +2 pair of boots of the Moon Troll (worn) {rN+ Slay+2}
   (Okawaru gifted it to you on level 5 of the Lair of Beasts)

   Slay:      It affects your accuracy & damage with ranged weapons and melee
   (+2).
   rN:        It protects you from negative energy.
Jewellery
 e - a +6 ring of strength
 h - a ring of see invisible
 k - a +6 ring of strength
 m - a +4 ring of protection (right claw)
 s - a ring of wizardry
 t - an amulet of magic regeneration
 A - the amulet of Holin (around neck) {Reflect Int+5 SH+5}
   (You bought it in a shop on level 3 of the Dungeon)

   [amulet of reflection]

   It reflects blocked missile attacks.
   Int:       It affects your intelligence (+5).
   SH:        It affects your SH (+5).
 C - a ring of fire
 F - the ring of Zera {rCorr Int+6}
   (You found it on level 10 of the Dungeon)

   [ring of intelligence]

   Int:       It affects your intelligence (+6).
   rCorr:     It protects you from acid and corrosion.
 Q - a ring of protection from cold
 V - a ring of fire
 W - the ring of Jityom (left claw) {rF+ rC+ rN+ rCorr}
   (You found it on level 5 of the Lair of Beasts)

   [ring of positive energy]

   rF:        It protects you from fire.
   rC:        It protects you from cold.
   rN:        It protects you from negative energy.
   rCorr:     It protects you from acid and corrosion.
 X - a ring of wizardry
Wands
 j - a wand of flame (25)
 x - a wand of polymorph (9)
 D - a wand of paralysis (15)
 I - a wand of roots (4)
 M - a wand of digging (1)
Scrolls
 d - 2 scrolls of immolation
 g - 8 scrolls of teleportation
 i - 5 scrolls of poison
 r - 2 scrolls of magic mapping
 w - 5 scrolls of amnesia
 y - 2 scrolls of fog
 B - 4 scrolls of vulnerability
 H - 4 scrolls of enchant armour
 K - a scroll of enchant weapon
 L - 3 scrolls of fear
 P - 2 scrolls of torment
 S - 2 scrolls of identify
 T - a scroll of butterflies {unknown}
 U - a scroll of blinking {unknown}
Potions
 b - 4 potions of ambrosia
 c - 11 potions of curing
 f - 5 potions of flight
 l - 4 potions of might
 n - 2 potions of attraction
 u - 2 potions of resistance
 E - a potion of invisibility
 J - 2 potions of brilliance
 R - a potion of cancellation


   Skills:
 + Level 14.8(19.8) Fighting
 + Level 11.8(16.8) Armour
 - Level 2.6(7.6) Dodging
 - Level 2.1(7.1) Stealth
 + Level 9.4(14.4) Shields
 + Level 14.7(19.7) Unarmed Combat
 + Level 11.2 Invocations


You had 14 spell levels left.
You didn't know any spells.
Your spell library contained the following spells:

 Spells                   Type           Power      Damage    Failure   Level
 Kiss of Death            Conj/Necr      0%         2d5       99%         1
 Slow                     Hex            0%         N/A       99%         1
 Sting                    Tmut/Pois      0%         1d3       99%         1
 Blink                    Tloc           0%         N/A       100%        2
 Cigotuvi's Dreadful Rot  Necr/Pois/Air  0%         N/A       100%        2
 Ensorcelled Hibernation  Hex/Ice        0%         N/A       100%        2
 Poisonous Vapours        Pois/Air       0%         N/A       100%        2
 Confusing Touch          Hex            0%         N/A       100%        3
 Hailstorm                Conj/Ice       0%         3d3       100%        3
 Mephitic Cloud           Conj/Pois/Air  0%         N/A       100%        3
 Ozocubu's Armour         Ice            0%         N/A       100%        3
 Vampiric Draining        Necr           0%         2d6       100%        3
 Anguish                  Hex/Necr       0%         N/A       100%        4
 Dispel Undead            Necr           0%         3d6       100%        4
 Manifold Assault         Tloc           0%         N/A       100%        4
 Fireball                 Conj/Fire      0%         3d3       100%        5
 Iskenderun's Battlesphe  Conj           0%         2d6       100%        5
 Metabolic Englaciation   Hex/Ice        0%         N/A       100%        5
 Conjure Ball Lightning   Conj/Air       0%         3x3d6     100%        6
 Orb of Destruction       Conj           0%         9d5       100%        7
 Wereblood                Tmut           Unusable   N/A       N/A         2
 Spider Form              Tmut/Pois      Unusable   N/A       N/A         3
 Ice Form                 Ice/Tmut       Unusable   N/A       N/A         4
 Simulacrum               Ice/Necr       Unusable   N/A       N/A         6
 Statue Form              Tmut/Erth      Unusable   N/A       N/A         6
 Storm Form               Tmut/Air       Unusable   N/A       N/A         7

Dungeon Overview and Level Annotations

Branches:
Dungeon (12/15)            Temple (1/1) D:4            Lair (5/5) D:10
 Shoals (0/4) Lair:3        Snake (0/4) Lair:2        Slime (0/5) Lair:5
    Orc (2/2) D:10          IceCv (visited)
    Elf: Orc:2

Altars:
Cheibriados
Fedhas
Hepliaklqana
Kikubaaqudgha
Makhleb
Nemelex Xobeh
Okawaru
Qazlal
Trog
Uskayaw
Vehumet
Wu Jian
Xom
Yredelemnul
Jiyva

Shops:
D:3 ***[[   D:5 ((:   D:12 *   Orc:1 *

Annotations:
D:10 3 runed translucent doors
D:12 3 runed translucent doors


Innate Abilities, Weirdness & Mutations

You are immune to poison.
You have sharp fingernails.
Your flesh is cold resistant. (rC+)
You are immune to negative energy. (rN+++)
You do not regenerate when monsters are visible.
You are immune to unholy pain and torment.
You thrive by killing the living.


Message History

* * * LOW HITPOINT WARNING * * *
You block the orc warrior's attack. x2
The orc warrior hits you but does no damage.
You closely miss the orc warrior.
The orc warrior is severely wounded.
The orc warrior hits you with a +0 scimitar of pain!
* * * LOW HITPOINT WARNING * * *
The orc warrior hits you from afar with a +0 trident!
* * * LOW HITPOINT WARNING * * *
The orc warrior barely misses you. You block the orc warrior's attack.
The orc warrior hits you but does no damage.
You block the orc warrior's attack.
You feel much better.
The orc no longer looks unusually strong.
You gain the combat prowess of a mighty hero.
The orc warrior no longer looks unusually strong.
The orc warrior hits you from afar with a +0 trident.
* * * LOW HITPOINT WARNING * * *
The orc warrior misses you. You block the orc warrior's attack. x2
The orc warrior hits you but does no damage.
The orc warrior barely misses you.
You feel much better.
The orc warrior no longer looks unusually strong.
The orc warrior hits you with a +0 scimitar of pain!
* * * LOW HITPOINT WARNING * * *
The orc priest mumbles some strange prayers to Beogh against you.
Beogh smites you!
* * * LOW HITPOINT WARNING * * *
You block the orc warrior's attack. The orc warrior barely misses you.
You block the orc warrior's attack. x2
You claw the orc warrior!
You kill the orc warrior!
Okawaru accepts your kill.
You completely miss the orc warrior.
The orc warrior is moderately wounded.
You block the orc warrior's attack. The orc warrior barely misses you.
The orc warrior hits you with a +0 battleaxe!
* * * LOW HITPOINT WARNING * * *
The orc warrior hits you from afar with a +0 trident!
You die...

..#... ........
......... ........
##### ....#..##
##.#.##
........###..ooo#
........##.#o#oo##
.......(.[<)ooo)@#
............ooo)##
.#..........ooo##
#............oo.##
...o#..#..#......##
....#...###.......##
...###.## ##.##....#
... ### ######.##
#.. ###


You could see 8 orc warriors, an orc priest (strong) and 8 orcs.

Vanquished Creatures
  3 dire elephants (Lair:5)
  3 hydras
  3 catoblepae
  3 two-headed ogres
  5 death yaks
  A boulder beetle (D:12)
  Sonja (Lair:2)
  A spectral death yak (Lair:5)
  A spectral anaconda (Lair:5)
  Pikel (D:6)
  4 orc knights
  An obsidian statue (Lair:5)
  4 necromancers (Lair:5)
  3 ugly things
  2 cyclopes
  An orc sorcerer (Orc:1)
  20 elephants
  A dire elephant zombie (Lair:5)
  A manticore (D:12)
  A merfolk siren (Lair:3)
  Joseph (Lair:1)
  A black mamba (Lair:1)
  10 cane toads
  3 ice statues (IceCv)
  Maggie (Lair:1)
  A gargoyle (D:12)
  An unseen horror (D:12)
  An anaconda simulacrum (IceCv)
  2 rime drakes
  A freezing wraith (IceCv)
  10 komodo dragons
  A queen bee (Lair:1)
  2 polar bears (Lair:4)
  4 trolls
  Prince Ribbit (D:5)
  2 hornets
  2 spectral elephants (Lair:5)
  8 blink frogs (Lair:1)
  A slime creature (D:9)
  Sigmund (D:4)
  70 yaks
  2 dire elephant simulacra (IceCv)
  A wraith (D:9)
  2 wyverns
  4 shadows
  2 vampire mosquitoes (D:12)
  Grum (Lair:1)
  Eustachio (D:6)
  3 basilisks
  A steam dragon (D:9)
  4 death yak simulacra
  Edmund (D:4)
  2 nagas (Lair:2)
  12 wargs
  3 acid dragons
  3 spectral cane toads (Lair:5)
  A hydra simulacrum (IceCv)
  17 water moccasins
  19 orc warriors
  2 elephant zombies (Lair:5)
  4 ogres
  4 black bears
  8 centaurs
  6 wolves
  An elephant skeleton (Lair:5)
  3 lemures (D:5)
  A kobold brigand (D:10)
  13 bullfrogs
  2 gnoll sergeants (D:8)
  A wyvern zombie (D:8)
  3 necrophages
  2 scorpions
  2 cane toad simulacra
  9 wights
  6 elephant simulacra
  50 killer bees
  5 howler monkeys
  A hound (D:6)
  3 jellies
  7 orc priests
  3 gnoll boudas
  5 iguanas
  Ijyb (D:4)
  27 orc wizards
  3 polar bear simulacra
  A killer bee zombie (D:8)
  12 gnolls
  7 adders
  A shadow imp (D:4)
  A white imp (D:6)
  2 ufetubi
  4 dart slugs
  78 orcs
  4 bats
  4 endoplasms
  4 giant cockroaches
  8 goblins
  7 hobgoblins
  17 kobolds
  4 quokkas
  5 ball pythons
  6 frilled lizards
  5 rats
605 creatures vanquished.

Vanquished Creatures (others)
  3 bushes (D:10)
  24 fungi
  62 plants
  29 withered plants (Lair:5)
118 creatures vanquished.

Grand Total: 723 creatures vanquished

Notes
Turn   | Place    | Note
-------+----------+-------------------------------------------
     0 | D:1      | cforsyth the Ghoul Monk began the quest for the Orb.
     0 | D:1      | Reached XP level 1. HP: 19/19 MP: 0/0
   151 | D:1      | Reached XP level 2. HP: 18/26 MP: 1/1
  1017 | D:2      | Reached XP level 3. HP: 33/33 MP: 2/2
  1270 | D:2      | Reached XP level 4. HP: 8/41 MP: 3/3
  2011 | D:2      | Reached XP level 5. HP: 35/47 MP: 4/4
  2101 | D:2      | Found a faded altar of an unknown god.
  2101 | D:2      | Noticed a cacodemon
  2352 | D:3      | Found Hyem Efa's Armour Shoppe.
  2355 | D:3      | You fall into a shaft and drop 1 floor!
  2381 | D:4      | Found a staircase to the Ecumenical Temple.
  2390 | Temple   | Entered the Ecumenical Temple
  2468 | Temple   | Became a worshipper of Warmaster Okawaru
  2468 | Temple   | Reached * piety under Okawaru
  2468 | Temple   | Reached ** piety under Okawaru
  2532 | D:4      | Reached skill level 5 in Fighting
  2532 | D:4      | Reached skill level 5 in Unarmed Combat
  2694 | D:3      | Found Fyary's Assorted Antiques.
  2723 | D:3      | Bought a silvery potion for 21 gold pieces
  2723 | D:3      | Bought 2 bubbling clear potions for 43 gold pieces
  2723 | D:3      | Bought a scroll labelled LUTWISOAKU for 24 gold pieces
  2753 | D:3      | Found Naithug's Assorted Antiques.
  2762 | D:3      | Bought a scroll labelled XOEPIT NOFEO for 20 gold pieces
  2762 | D:3      | Bought a scroll labelled YTUTUYPTI for 20 gold pieces
  2820 | D:3      | Found Sirangul's Assorted Antiques.
  2953 | D:3      | Reached skill level 1 in Armour
  3031 | D:3      | Reached XP level 6. HP: 56/56 MP: 5/5
  3054 | D:3      | Found Waorukai's Antique Armour Boutique.
  3267 | D:5      | Entered Level 5 of the Dungeon
  3393 | D:4      | Found a bloodstained altar of Trog.
  3393 | D:4      | Noticed a black bear
  3394 | D:4      | Noticed a black bear
  3688 | D:4      | Killed a black bear
  3813 | D:4      | Killed a black bear
  3814 | D:4      | Reached XP level 7. HP: 63/63 MP: 3/6
  3848 | D:4      | Reached *** piety under Okawaru
  3895 | D:4      | Noticed Sigmund
  3934 | D:4      | Killed Sigmund
  3979 | D:4      | Noticed Edmund
  3989 | D:4      | Killed Edmund
  3990 | D:4      | Reached XP level 8. HP: 51/71 MP: 4/7
  4229 | D:4      | Noticed Ijyb
  4236 | D:4      | Killed Ijyb
  4293 | D:5      | Found Kotzux's Antique Weapon Shop.
  4443 | D:5      | Found a hide-covered altar of Uskayaw.
  4529 | D:5      | Found Kour's Book Emporium.
  4647 | D:5      | Found Qagu's Weapon Shop.
  4787 | D:5      | Reached **** piety under Okawaru
  4962 | D:3      | Bought a faintly glowing brass amulet for 105 gold pieces
  4962 | D:3      | Identified the amulet of Holin {Reflect Int+5 SH+5} (You
                  | bought it in a shop on level 3 of the Dungeon)
  5115 | D:6      | Noticed Eustachio
  5126 | D:6      | Killed Eustachio
  5389 | D:6      | Noticed Prince Ribbit
  5400 | D:6      | Noticed a shadow
  5457 | D:5      | Killed Prince Ribbit
  5458 | D:5      | Reached skill level 5 in Armour
  5458 | D:5      | Reached XP level 9. HP: 46/81 MP: 8/8
  5896 | D:6      | Noticed Pikel
  6278 | D:6      | Killed Pikel
  6278 | D:6      | Reached ***** piety under Okawaru
  6731 | D:7      | Reached XP level 10. HP: 91/91 MP: 9/9
  7387 | D:3      | Bought a scroll labelled XOEPIT NOFEO for 21 gold pieces
  7387 | D:3      | Bought a silvery potion for 18 gold pieces
  7387 | D:3      | Bought a fizzy orange potion for 18 gold pieces
  7387 | D:3      | Bought a scroll labelled HEUWKO SUKKYHA for 21 gold pieces
  7865 | D:8      | Reached skill level 10 in Fighting
  7913 | D:8      | Received a gift from Okawaru
  7914 | D:8      | Reached skill level 10 in Unarmed Combat
  8126 | D:8      | Found a basalt altar of Yredelemnul.
  8495 | D:9      | Reached skill level 1 in Invocations
  8703 | D:9      | Reached skill level 1 in Shields
  9432 | D:10     | Entered Level 10 of the Dungeon
  9438 | D:10     | Noticed a two-headed ogre
  9446 | D:10     | Killed a two-headed ogre
  9519 | D:10     | Found a staircase to the Orcish Mines.
  9550 | D:10     | Reached XP level 11. HP: 98/101 MP: 12/12
  9963 | D:10     | Found a staircase to the Lair.
 10120 | D:10     | Identified the +0 ring mail of Vexation {Dex+4} (Okawaru
                  | gifted it to you on level 10 of the Dungeon)
 10120 | D:10     | Received a gift from Okawaru
 10191 | D:10     | Found an ancient bone altar of Kikubaaqudgha.
 10769 | D:10     | Identified the ring of Zera {rCorr Int+6}
 11079 | D:10     | Found a runed translucent gate.
 11080 | D:10     | Found a runed translucent gate.
 11081 | D:10     | Noticed a red ugly thing
 11081 | D:10     | Noticed a cyan ugly thing
 11082 | D:10     | Found a runed translucent gate.
 11082 | D:10     | Noticed a red ugly thing
 11086 | D:10     | Noticed a cyan ugly thing
 11455 | D:11     | Noticed a two-headed ogre
 11466 | D:11     | Killed a two-headed ogre
 11467 | D:11     | Reached skill level 5 in Invocations
 11642 | D:11     | Noticed a cyclops
 11653 | D:11     | Killed a cyclops
 11701 | D:11     | Noticed a two-headed ogre
 11713 | D:11     | Killed a two-headed ogre
 11894 | D:11     | Reached XP level 12. HP: 111/111 MP: 15/15
 12497 | D:3      | Bought a pair of scorched boots for 313 gold pieces
 12497 | D:3      | Identified the +0 pair of boots "Kenisit" {rPois rN+ MP+9
                  | Slay+2} (You bought it in a shop on level 3 of the Dungeon)
 13009 | D:12     | Found Yshuheos's General Store.
 13018 | D:12     | Reached skill level 5 in Shields
 13050 | D:12     | Reached ****** piety under Okawaru
 13060 | D:12     | Received a gift from Okawaru
 13094 | D:12     | Noticed a boulder beetle
 13118 | D:12     | Killed a boulder beetle
 13432 | D:12     | Found a runed translucent gate.
 13432 | D:12     | Found a runed translucent gate.
 13433 | D:12     | Found a runed translucent gate.
 13571 | D:12     | Identified the +0 cloak of Activism {rN+ Will+}
 13953 | Lair:1   | Entered Level 1 of the Lair of Beasts
 14603 | Lair:1   | Noticed Grum
 14615 | Lair:1   | Killed Grum
 14674 | Lair:1   | Noticed Maggie
 14683 | Lair:1   | Killed Maggie
 14868 | Lair:1   | Reached XP level 13. HP: 85/119 MP: 17/17
 15291 | Lair:1   | Noticed Joseph
 15299 | Lair:1   | Killed Joseph
 15466 | Lair:2   | Identified the +0 tower shield of Forking Paths {Int+4}
                  | (Okawaru gifted it to you on level 2 of the Lair of Beasts)
 15466 | Lair:2   | Received a gift from Okawaru
 15472 | Lair:2   | Reached skill level 10 in Armour
 15751 | Lair:2   | Found a staircase to the Snake Pit.
 15941 | Lair:2   | Noticed Sonja
 15953 | Lair:2   | Killed Sonja
 16953 | Lair:3   | Found a frozen archway.
 16990 | IceCv    | Entered an ice cave
 18410 | Lair:3   | Identified the +11 morningstar of Slime {heavy, rElec
                  | Str+2}
 18478 | Lair:3   | Found a staircase to the Shoals.
 18949 | Lair:4   | Identified the +1 plate armour "Kuen Omue" {*Corrode +Blink
                  | rC++ Slay+3} (Okawaru gifted it to you on level 4 of the
                  | Lair of Beasts)
 18949 | Lair:4   | Received a gift from Okawaru
 19153 | Lair:4   | Reached XP level 14. HP: 115/129 MP: 20/20
 19380 | Lair:4   | Identified the +0 robe of Minor Irritation {rF+ rC+ Dex+4}
 20089 | Lair:5   | Entered Level 5 of the Lair of Beasts
 20375 | Lair:5   | Noticed a dire elephant
 20491 | Lair:5   | Killed a dire elephant
 20492 | Lair:5   | Reached skill level 10 in Invocations
 21259 | Lair:5   | Found a viscous altar of Jiyva.
 21260 | Lair:5   | Found a staircase to the Slime Pits.
 21303 | Lair:5   | Noticed a dire elephant
 21316 | Lair:5   | Killed a dire elephant
 21569 | Lair:5   | Received a gift from Okawaru
 22284 | Lair:5   | Identified the ring of Jityom {rF+ rC+ rN+ rCorr}
 22541 | Lair:5   | Identified the +2 pair of boots of the Moon Troll {rN+
                  | Slay+2} (Okawaru gifted it to you on level 5 of the Lair of
                  | Beasts)
 22541 | Lair:5   | Received a gift from Okawaru
 22863 | Lair:5   | Got the Enchiridion on Transmigration
 23005 | Lair:5   | Reached XP level 15. HP: 130/139 MP: 22/22
 23297 | Orc:1    | Entered Level 1 of the Orcish Mines
 23656 | Orc:1    | Found Figarupt's General Store.
 23814 | Orc:2    | Entered Level 2 of the Orcish Mines
 24233 | Orc:2    | Slain by an orc warrior

Illustrated notes

Levels and vault maps discovered:
D:1:      tarquinn_simple_flora_water_a, layout_rooms
D:2:      layout_basic, dreamdust_ecumenical_altar_sealed_demon,
          minmay_hexomino_c4
D:3:      layout_loops_ring, serial_shops, nicolae_lakefront_shop, shop,
          nicolae_shop_trees, nicolae_lakefront_shop, shop
D:4:      layout_basic, trog_ov_bears_minmay, minmay_temple_entry_arrows,
          uniq_edmund, uniq_ijyb, uniq_sigmund
D:5:      layout_basic, nicolae_uskayaw_suspiria, serial_shops, shop_coins,
          nicolae_shop_statue_plus, shop_statue
D:6:      layout_loops_ring, minmay_manual_mess, uniq_pikel, uniq_eustachio,
          uniq_prince_ribbit1
D:7:      layout_basic
D:8:      layout_loops_ring, lemuel_zombie_altar_yredelemnul,
          chequers_serial_rivers_large_b, st_stairs_13
D:9:      layout_loops_corners, nicolae_zen_rock_garden, minmay_microvault
D:10:     layout_basic, amcnicky_altar_gilded, minmay_lair_entry_grove,
          orc_0_dummy, ploomutoo_gammafunk_ghost_potion_laboratory,
          nooodl_orcs_dogs
D:11:     layout_basic
D:12:     layout_roguey, ploomutoo_gammafunk_ghost_potion_laboratory,
          serial_shops, nicolae_shop_temple_entry_statues_fountains
Temple:   mainiacjoe_temple_bowtie_tessellation
Lair:1:   layout_cave_pods, special_room [special_room_bee],
          amcnicky_mini_pool_medium, grunt_megastairs_5, serial_bayou_shore_b,
          uniq_maggie, uniq_joseph, uniq_grum
Lair:2:   layout_chaotic_city, guppyfry_snake_entry_garden,
          chequers_serial_rivers_micro_a, uniq_sonja
Lair:3:   layout_loops_ring, minmay_shoals_entry_lonely_mermaid,
          portal_ice_cave_entry_ice_simulacra, chequers_serial_rivers_micro_e
Lair:4:   layout_loops_ring, beast_lair_carwin_5, lemuel_fruit_fields,
          lemuel_fruit_fields
Lair:5:   due_jungle_book, layout_regular_city, dpeg_slime_entry_corner,
          serial_bayou_pond_c
Orc:1:    layout_diamond_mine, serial_shops, shop, nicolae_orc_tapped_out
Orc:2:    st_orc_town, layout_caves

Skill      XL: |  1  2  3  4  5  6  7  8  9 10 11 12 13 14 15 |
---------------+----------------------------------------------+-----
Fighting       | 4 5 6 8 9 10 11 12 13 14 | 14.8
Unarmed Combat | 4 5 6 8 9 10 11 12 13 14 | 14.7
Armour         | 1 2 3 5 6 7 8 9 10 11 | 11.8
Invocations    | 3 5 7 9 10 11 | 11.2
Shields        | 2 4 6 7 9 |  9.4
Dodging        | |  2.6
Stealth        | |  2.1

Action                   |  1- 3 |  4- 6 |  7- 9 | 10-12 | 13-15 || total
-------------------------+-------+-------+-------+-------+-------++-------
Melee: Unarmed           |   117 |   179 |   272 |   800 |  1153 ||  2521
       Punch             |     2 |     2 |    18 |     4 |       ||    26
Invok: Heroism           |       |     2 |     2 |     7 |     8 ||    19
  Use: Scroll            |       |       |     2 |    18 |     5 ||    25
       Potion            |       |       |     1 |       |     8 ||     9
 Stab: Sleeping          |     2 |       |       |       |       ||     2
       Petrified         |       |       |       |       |    13 ||    13
Armor: Robe              |    15 |    25 |       |       |       ||    40
       Chain mail        |       |    75 |   104 |   176 |       ||   355
       Plate armour      |       |       |       |   155 |   630 ||   785
Dodge: Dodged            |    67 |    83 |    92 |   183 |   285 ||   710
Block: Other             |       |       |    37 |    16 |       ||    53
       Kite shield       |       |       |       |   501 |   954 ||  1455
       Reflection        |       |       |       |    18 |     8 ||    26

Table legend: (Time is in decaauts)
 A = Elapsed time spent in this place.
 B = Non-inter-level travel time spent in this place.
 C = Inter-level travel time spent in this place.
 D = Time resting spent in this place.
 E = Time spent auto-exploring this place.
 F = Levels seen in this place.
 G = Mean time per level.
                   A        B        C        D        E       F      G
               +--------+--------+--------+--------+--------+-----+--------+
         Total |  24020 |  22446 |   1574 |   3890 |  13934 |  21 | 1143.8 |
       Dungeon |  13809 |  12498 |   1311 |   1723 |   8217 |  12 | 1150.8 |
        Temple |    121 |     78 |     43 |      0 |     68 |   1 |  121.0 |
          Lair |   8388 |   8189 |    199 |   1226 |   5389 |   5 | 1677.6 |
  Orcish Mines |    865 |    845 |     20 |    289 |    257 |   2 |  432.5 |
      Ice Cave |    834 |    834 |      0 |    652 |      3 |   1 |  834.0 |
               +--------+--------+--------+--------+--------+-----+--------+

Top non-repeatable levels by time:
  Lair:5: 3041 daAuts
    D:10: 2079 daAuts
  Lair:1: 1491 daAuts
  Lair:2: 1464 daAuts
     D:1: 1390 daAuts
     D:3: 1324 daAuts
  Lair:4: 1217 daAuts
  Lair:3: 1174 daAuts
     D:9: 1141 daAuts
     D:4: 1132 daAuts
     D:6: 1126 daAuts
    D:12: 1068 daAuts
     D:7: 968 daAuts
    D:11: 948 daAuts
     D:2: 906 daAuts
